 Dungeon Crawl Stone Soup version 0.21.1-1-g345015f (webtiles) character file.

3819 tidbits the Martial Artist (level 10, -1/90 HPs)
             Began as a Gnoll Transmuter on June 20, 2018.
             Was a Believer of Cheibriados.
             Hit by a large rock thrown by a cyclops (42 damage)
             ... on level 11 of the Dungeon.
             The game lasted 00:20:34 (2230 turns).

tidbits the Martial Artist (Gnoll Transmuter)       Turns: 2230, Time: 00:20:35

Health: -1/90      AC:  6    Str: 16    XL:     10   Next: 17%
Magic:  6/20       EV: 15    Int: 23    God:    Cheibriados [**....]
Gold:   291        SH:  0    Dex: 22    Spells: 8/23 levels left

rFire    x . .     SeeInvis .     - Unarmed
rCold    + + +     Gourm    .   (shield currently unavailable)
rNeg     . . .     Faith    .   (armour currently unavailable)
rPois    +         Spirit   .   (helmet currently unavailable)
rElec    .         Reflect  .   (cloak currently unavailable)
rCorr    .         Harm     .   (gloves currently unavailable)
MR       .....                  (boots currently unavailable)
Stlth    +++.......             (no amulet)
HPRegen  0.25/turn              (no ring)
MPRegen  0.17/turn              (no ring)

@: ice-form, very slow
A: large, distributed training, agile 1, sense surroundings 1, subdued magic 1,
strong nose
a: End Transformation, Bend Time, Renounce Religion


You were on level 11 of the Dungeon.
You worshipped Cheibriados.
Cheibriados was pleased with you.
You were not hungry.
You were a creature of crystalline ice.
You visited 2 branches of the dungeon, and saw 12 of its levels.

You collected 291 gold pieces.

Inventory:

Hand Weapons
 f - a +0 shortbow
 k - a cursed -3 war axe
 l - a +0 morningstar
 w - a +0 hand axe of chopping (melded)
   (You found it on level 7 of the Dungeon)
 y - a -3 broad axe
 H - a +0 shortbow
 N - a +2 shortbow of freezing
   (You took it off a centaur on level 11 of the Dungeon)
Missiles
 a - 151 arrows
 n - 4 tomahawks (quivered)
 B - 8 tomahawks of dispersal {!f}
 I - 2 throwing nets {!f}
Armour
 b - a +0 robe (melded)
 u - a +0 pair of boots
 E - a +0 helmet (melded)
 F - a +0 pair of boots (melded)
 G - a +0 pair of gloves (melded)
Jewellery
 e - an uncursed ring of ice
   (You found it on level 1 of the Dungeon)
 v - an uncursed ring of ice
   (You found it on level 7 of the Dungeon)
Wands
 g - a wand of random effects (32)
 o - a wand of flame (39)
 x - a wand of polymorph (7)
 D - a wand of digging (10)
 J - a wand of iceblast (8)
Scrolls
 h - 2 scrolls of amnesia
 j - a scroll of blinking {unknown}
 m - 3 scrolls of holy word
 q - a scroll of vulnerability
 r - 2 scrolls of remove curse
 z - 2 scrolls of fear
 K - a scroll of noise
 L - 2 scrolls of teleportation
Potions
 i - 2 potions of curing
 p - a potion of agility {unknown}
 s - a potion of brilliance {unknown}
 t - a potion of heal wounds {unknown}
 C - a potion of degeneration {unknown}
Books
 d - a book of Changes

   Spells                             Type                      Level
   a - Beastly Appendage              Transmutation                1
   b - Sticks to Snakes               Transmutation                2
   c - Spider Form                    Transmutation/Poison         3
   d - Ice Form                       Ice/Transmutation            4
   e - Blade Hands                    Transmutation                5
 A - a book of Maledictions
   (You found it on level 8 of the Dungeon)

   Spells                             Type                      Level
   a - Corona                         Hexes                        1
   b - Ensorcelled Hibernation        Hexes/Ice                    2
   c - Confuse                        Hexes                        3
   d - Tukima's Dance                 Hexes                        3
   e - Dazzling Spray                 Conjuration/Hexes            3
 M - a Young Poisoner's Handbook
   (You found it on level 10 of the Dungeon)

   Spells                             Type                      Level
   a - Sting                          Conjuration/Poison           1
   b - Poisonous Vapours              Poison/Air                   2
   c - Mephitic Cloud                 Conjuration/Poison/Air       3
   d - Olgreb's Toxic Radiance        Poison                       4
   e - Venom Bolt                     Conjuration/Poison           5
Comestibles
 c - 7 rations


   Skills:
 + Level 5.6 Fighting
 + Level 4.9 Short Blades
 + Level 4.9 Long Blades
 + Level 4.9 Axes
 + Level 4.9 Maces & Flails
 + Level 4.9 Polearms
 + Level 4.9 Staves
 + Level 4.9 Slings
 + Level 4.9 Bows
 + Level 4.9 Crossbows
 + Level 4.9 Throwing
 + Level 4.9 Armour
 + Level 6.8 Dodging
 + Level 4.9 Stealth
 + Level 4.9 Shields
 + Level 8.3 Unarmed Combat
 + Level 7.1 Spellcasting
 + Level 4.1 Conjurations
 + Level 4.1 Hexes
 + Level 4.1 Charms
 + Level 4.1 Summonings
 + Level 4.1 Necromancy
 + Level 4.1 Translocations
 + Level 5.6 Transmutations
 + Level 4.1 Fire Magic
 + Level 4.1 Ice Magic
 + Level 4.1 Air Magic
 + Level 4.1 Earth Magic
 + Level 4.1 Poison Magic
 + Level 5.4 Invocations
 + Level 4.9 Evocations


You had 8 spell levels left.
You knew the following spells:

 Your Spells              Type           Power        Failure   Level  Hunger
e - Beastly Appendage     Tmut           ####..       1%          1    None
h - Blade Hands           Tmut           ####......   17%         5    #####..
i - Ice Form              Ice/Tmut       ###.....     8%          4    ###....
k - Sticks to Snakes      Tmut           ####....     1%          2    None
p - Spider Form           Tmut/Pois      ###.......   2%          3    None


Dungeon Overview and Level Annotations

Branches:
Dungeon (11/15)            Temple (1/1) D:4             Orc (0/2) D:10
   Lair: D:8-11

Altars:
Cheibriados
Uskayaw
Vehumet
Xom

Shops:
D:8 :


Innate Abilities, Weirdness & Mutations

Your experience applies equally to all skills.
((You have very sharp teeth.))
Your uncanny sense of smell can sniff out nearby items.
You are agile. (Dex +2)
You passively map a small area around you.
Your spells are a little easier to cast, but a little less powerful.


Message History

You butcher the hound corpse.
A hippogriff comes into view.
Items here: % ) [ † a flail; a ring mail; 2 chunks of flesh; a soldier ant corpse A hippogriff is nearby!
Eat one of 2 chunks of flesh? (ye/n/q)
You eat one of the 2 chunks of flesh.
This raw flesh tastes terrible.
You are feeling hungry.
Eat a chunk of flesh? (ye/n/q)
You eat the chunk of flesh.
This raw flesh tastes terrible.
Items here: ))) [[ ††
Found a scroll of teleportation.
You see here 23 gold pieces.
Unknown command.
You now have 276 gold pieces (gained 23).
A centaur comes into view.
The centaur shouts!
The centaur barely misses you.
You slice the centaur!! You bite the centaur.
The centaur is almost dead.
The centaur misses you.
You hit the centaur.
The centaur is almost dead.
The centaur closely misses you.
You slice the centaur!!
You kill the centaur!
Cheibriados thoroughly appreciates the change of pace.
Your transformation is almost over.
Unknown command.
Things that are here:
a shortbow; 18 arrows; 15 gold pieces
a - 153 arrows (gained 18)
You now have 291 gold pieces (gained 15).
Casting: Sticks to Snakes
Confirm with . or Enter, or press ? or * to list all spells.
You create a snake!
You now have 152 arrows.
You slash the hippogriff!
The hippogriff is lightly wounded.
Your hands revert to their normal proportions.
Your +0 hand axe of chopping unmelds from your body.
Your +0 pair of gloves unmelds from your body.
The hippogriff bites you.
* * * LOW HITPOINT WARNING * * *
The hippogriff pecks you.
* * * LOW HITPOINT WARNING * * *
The hippogriff claws you.
* * * LOW HITPOINT WARNING * * *
Your adder bites the hippogriff.
The hippogriff is poisoned.
Your adder poisons the hippogriff!
Casting: Sticks to Snakes
Confirm with . or Enter, or press ? or * to list all spells.
You turn into a creature of crystalline ice.
Your +0 hand axe of chopping melds into your body.
Your +0 helmet melds into your body.
Your +0 pair of gloves melds into your body.
Your +0 pair of boots melds into your body.
Your +0 robe melds into your body.
The hippogriff closely misses you. The hippogriff pecks you.
* * * LOW HITPOINT WARNING * * *
The hippogriff claws you.
* * * LOW HITPOINT WARNING * * *
Your adder barely misses the hippogriff.
Unknown command.
You hit the hippogriff. You freeze the hippogriff.
The hippogriff is heavily wounded.
Your adder completely misses the hippogriff.
The hippogriff bites you but does no damage.
The hippogriff misses you. x2
You punch the hippogriff! You freeze the hippogriff.
The hippogriff is almost dead.
Your adder bites the hippogriff but does no damage.
The hippogriff bites you.
* * * LOW HITPOINT WARNING * * *
The hippogriff barely misses you. x2
You hit the hippogriff. You freeze the hippogriff.
You kill the hippogriff!
Cheibriados appreciates the change of pace.
You see here a hippogriff corpse.
Your magical contamination has completely faded away.
You see here a scroll of teleportation.
L - 2 scrolls of teleportation (gained 1)
An ogre comes into view. It is wielding a giant club.
Your adder withers and dies!
Found 8 gold pieces.
Casting: Ice Form
Confirm with . or Enter, or press ? or * to list all spells.
You create a snake!
You now have 151 arrows.
A cyclops comes into view.
It was a potion of curing.
You feel better.
Your adder bites the ogre.
The ogre is poisoned.
Your adder poisons the ogre!
The cyclops throws a large rock.
The large rock completely misses you.
You hit the ogre. You freeze the ogre.
The ogre is moderately wounded.
Your adder bites the ogre but does no damage.
The ogre barely misses you.
You pummel the ogre!! You freeze the ogre!
You kill the ogre!
Cheibriados appreciates the change of pace.
The cyclops throws a large rock.
The large rock hits you!!!
You die...

#.###......######..#.#$#
#.##....†...............
#..........#####...#.#.#
###.....########..#...#
#........O.........#*
##)...########(.#### * *
#.#..# ###..# ** ,
...#..# #.)..# #####.##
#.YS.# #.# #....# * #.#
##.#.# #.# #.#.# , ,
C.#.# , ..##.# * * #. .#
, #. *


You could see a cyclops and a friendly adder.

Vanquished Creatures
  The ghost of tidbits the Insei, an amateur GnTm (D:6)
  2 hippogriffs
  A shadow (D:11)
  A vampire (D:11)
  The ghost of Theowulf the Stinger, an amateur NaVM (D:5)
  A soldier ant (D:11)
  2 ice beasts (D:7)
  2 sky beasts
  2 phantoms
  4 ogres
  6 centaurs
  A crocodile (D:11)
  6 bullfrogs
  3 scorpions
  A howler monkey (D:6)
  2 crimson imps
  4 hounds
  A bullfrog skeleton (D:11)
  A jelly (D:5)
  4 iguanas
  5 worker ants
  A hound skeleton (D:4)
  4 gnolls (D:8)
  A howler monkey skeleton (D:4)
  2 adders
  2 shadow imps
  A dart slug (D:2)
  A leopard gecko (D:5)
  6 orcs
  A giant cockroach (D:4)
  A hobgoblin (D:1)
  2 jackals (D:5)
  A kobold (D:2)
  3 quokkas
  2 ball pythons (D:5)
  2 frilled lizards
  2 goblins (D:2)
  A leopard gecko skeleton (D:8)
  A quokka skeleton (D:4)
85 creatures vanquished.

Vanquished Creatures (collateral kills)
  A water moccasin (D:7)
  A gnoll sergeant (D:8)
  A crimson imp (D:7)
  An iguana (D:7)
  A gnoll (D:8)
  A giant cockroach zombie (D:6)
6 creatures vanquished.

Vanquished Creatures (others)
  An ogre (D:5)
  A hound (D:5)
  2 orcs (D:5)
4 creatures vanquished.

Grand Total: 95 creatures vanquished

Notes
Turn   | Place    | Note
-------+----------+-------------------------------------------
     0 | D:1      | tidbits the Gnoll Transmuter began the quest for the Orb.
     0 | D:1      | Reached XP level 1. HP: 17/17 MP: 6/6
    86 | D:3      | You fall through a shaft!
   137 | D:2      | Reached XP level 2. HP: 14/23 MP: 5/7
   185 | D:4      | Learned a level 2 spell: Sticks to Snakes
   193 | D:4      | Reached skill level 5 in Spellcasting
   193 | D:4      | Reached XP level 3. HP: 16/28 MP: 2/9
   198 | D:4      | Learned a level 3 spell: Spider Form
   211 | D:4      | Reached skill level 1 in Invocations
   220 | D:4      | Noticed an ogre
   226 | D:5      | Entered Level 5 of the Dungeon
   282 | D:5      | Reached skill level 1 in Short Blades
   282 | D:5      | Reached skill level 1 in Long Blades
   282 | D:5      | Reached skill level 1 in Axes
   282 | D:5      | Reached skill level 1 in Maces & Flails
   282 | D:5      | Reached skill level 1 in Polearms
   282 | D:5      | Reached skill level 1 in Staves
   282 | D:5      | Reached skill level 1 in Slings
   282 | D:5      | Reached skill level 1 in Bows
   282 | D:5      | Reached skill level 1 in Crossbows
   282 | D:5      | Reached skill level 1 in Throwing
   282 | D:5      | Reached skill level 1 in Armour
   282 | D:5      | Reached skill level 1 in Stealth
   282 | D:5      | Reached skill level 1 in Shields
   282 | D:5      | Reached skill level 1 in Evocations
   282 | D:5      | Reached XP level 4. HP: 17/34 MP: 7/11
   299 | D:5      | Reached skill level 1 in Conjurations
   299 | D:5      | Reached skill level 1 in Hexes
   299 | D:5      | Reached skill level 1 in Charms
   299 | D:5      | Reached skill level 1 in Summonings
   299 | D:5      | Reached skill level 1 in Necromancy
   299 | D:5      | Reached skill level 1 in Translocations
   299 | D:5      | Reached skill level 1 in Fire Magic
   299 | D:5      | Reached skill level 1 in Ice Magic
   299 | D:5      | Reached skill level 1 in Air Magic
   299 | D:5      | Reached skill level 1 in Earth Magic
   299 | D:5      | Reached skill level 1 in Poison Magic
   299 | D:5      | Reached XP level 5. HP: 12/40 MP: 7/12
   311 | D:5      | Noticed Theowulf's ghost (amateur NaVM)
   443 | D:6      | Reached skill level 3 in Fighting
   443 | D:6      | Reached skill level 4 in Transmutations
   484 | D:7      | Noticed an ice beast
   494 | D:7      | Learned a level 4 spell: Ice Form
   504 | D:7      | Killed an ice beast
   504 | D:7      | Reached skill level 2 in Invocations
   504 | D:7      | Reached XP level 6. HP: 41/47 MP: 5/13
   517 | D:7      | Reached skill level 2 in Short Blades
   517 | D:7      | Reached skill level 2 in Long Blades
   517 | D:7      | Reached skill level 2 in Axes
   517 | D:7      | Reached skill level 2 in Maces & Flails
   517 | D:7      | Reached skill level 2 in Polearms
   517 | D:7      | Reached skill level 2 in Staves
   517 | D:7      | Reached skill level 2 in Slings
   517 | D:7      | Reached skill level 2 in Bows
   517 | D:7      | Reached skill level 2 in Crossbows
   517 | D:7      | Reached skill level 2 in Throwing
   517 | D:7      | Reached skill level 2 in Armour
   517 | D:7      | Reached skill level 5 in Dodging
   517 | D:7      | Reached skill level 2 in Stealth
   517 | D:7      | Reached skill level 2 in Shields
   517 | D:7      | Reached skill level 2 in Evocations
   556 | D:7      | Reached XP level 7. HP: 42/52 MP: 8/15
   580 | D:7      | Reached skill level 7 in Unarmed Combat
   587 | D:7      | Learned a level 5 spell: Blade Hands
   654 | D:7      | Reached skill level 2 in Conjurations
   654 | D:7      | Reached skill level 2 in Hexes
   654 | D:7      | Reached skill level 2 in Charms
   654 | D:7      | Reached skill level 2 in Summonings
   654 | D:7      | Reached skill level 2 in Necromancy
   654 | D:7      | Reached skill level 2 in Translocations
   654 | D:7      | Reached skill level 2 in Fire Magic
   654 | D:7      | Reached skill level 2 in Ice Magic
   654 | D:7      | Reached skill level 2 in Air Magic
   654 | D:7      | Reached skill level 2 in Earth Magic
   654 | D:7      | Reached skill level 2 in Poison Magic
   711 | D:6      | Noticed tidbits's ghost (amateur GnTm)
   726 | D:6      | Killed tidbits's ghost
   726 | D:6      | Reached skill level 3 in Invocations
   781 | D:8      | Found Ugris's Book Shoppe.
   839 | D:7      | Reached XP level 8. HP: 55/60 MP: 8/16
   841 | D:7      | Reached skill level 4 in Fighting
   843 | D:7      | Reached skill level 3 in Short Blades
   843 | D:7      | Reached skill level 3 in Long Blades
   843 | D:7      | Reached skill level 3 in Axes
   843 | D:7      | Reached skill level 3 in Maces & Flails
   843 | D:7      | Reached skill level 3 in Polearms
   843 | D:7      | Reached skill level 3 in Staves
   843 | D:7      | Reached skill level 3 in Slings
   843 | D:7      | Reached skill level 3 in Bows
   843 | D:7      | Reached skill level 3 in Crossbows
   843 | D:7      | Reached skill level 3 in Throwing
   843 | D:7      | Reached skill level 3 in Armour
   843 | D:7      | Reached skill level 3 in Stealth
   843 | D:7      | Reached skill level 3 in Shields
   843 | D:7      | Reached skill level 3 in Evocations
  1133 | D:5      | Found a shimmering altar of Xom.
  1195 | D:5      | Reached skill level 6 in Spellcasting
  1329 | D:5      | Gained mutation: Your spells are a little easier to cast, but a little less powerful. [potion of mutation]
  1329 | D:5      | Gained mutation: You are agile. (Dex +2) [potion of mutation]
  1329 | D:5      | Gained mutation: You passively map a small area around you. [potion of mutation]
  1335 | D:5      | Killed Theowulf's ghost
  1386 | D:4      | Found a staircase to the Ecumenical Temple.
  1402 | Temple   | Entered the Ecumenical Temple
  1409 | Temple   | Became a worshipper of Cheibriados the Contemplative
  1682 | D:8      | Noticed a hippogriff
  1689 | D:8      | Killed a hippogriff
  1689 | D:8      | Reached skill level 3 in Conjurations
  1689 | D:8      | Reached skill level 3 in Hexes
  1689 | D:8      | Reached skill level 3 in Charms
  1689 | D:8      | Reached skill level 3 in Summonings
  1689 | D:8      | Reached skill level 3 in Necromancy
  1689 | D:8      | Reached skill level 3 in Translocations
  1689 | D:8      | Reached skill level 3 in Fire Magic
  1689 | D:8      | Reached skill level 3 in Ice Magic
  1689 | D:8      | Reached skill level 3 in Air Magic
  1689 | D:8      | Reached skill level 3 in Earth Magic
  1689 | D:8      | Reached skill level 3 in Poison Magic
  1689 | D:8      | Reached skill level 4 in Invocations
  1767 | D:8      | Reached skill level 6 in Dodging
  1767 | D:8      | Reached XP level 9. HP: 38/66 MP: 7/18
  1822 | D:8      | Reached skill level 5 in Transmutations
  1920 | D:9      | Reached * piety under Cheibriados
  1933 | D:9      | Reached skill level 4 in Short Blades
  1933 | D:9      | Reached skill level 4 in Long Blades
  1933 | D:9      | Reached skill level 4 in Axes
  1933 | D:9      | Reached skill level 4 in Maces & Flails
  1933 | D:9      | Reached skill level 4 in Polearms
  1933 | D:9      | Reached skill level 4 in Staves
  1933 | D:9      | Reached skill level 4 in Slings
  1933 | D:9      | Reached skill level 4 in Bows
  1933 | D:9      | Reached skill level 4 in Crossbows
  1933 | D:9      | Reached skill level 4 in Throwing
  1933 | D:9      | Reached skill level 4 in Armour
  1933 | D:9      | Reached skill level 4 in Stealth
  1933 | D:9      | Reached skill level 4 in Shields
  1933 | D:9      | Reached skill level 4 in Evocations
  1985 | D:9      | Reached skill level 5 in Fighting
  2076 | D:10     | Entered Level 10 of the Dungeon
  2076 | D:10     | Found a staircase to the Orcish Mines.
  2153 | D:11     | Reached skill level 8 in Unarmed Combat
  2155 | D:11     | Reached skill level 5 in Invocations
  2164 | D:11     | Reached XP level 10. HP: 45/74 MP: 8/20
  2168 | D:11     | Reached skill level 7 in Spellcasting
  2169 | D:11     | Reached ** piety under Cheibriados
  2181 | D:11     | Reached skill level 4 in Conjurations
  2181 | D:11     | Reached skill level 4 in Hexes
  2181 | D:11     | Reached skill level 4 in Charms
  2181 | D:11     | Reached skill level 4 in Summonings
  2181 | D:11     | Reached skill level 4 in Necromancy
  2181 | D:11     | Reached skill level 4 in Translocations
  2181 | D:11     | Reached skill level 4 in Fire Magic
  2181 | D:11     | Reached skill level 4 in Ice Magic
  2181 | D:11     | Reached skill level 4 in Air Magic
  2181 | D:11     | Reached skill level 4 in Earth Magic
  2181 | D:11     | Reached skill level 4 in Poison Magic
  2228 | D:11     | Noticed a cyclops
  2230 | D:11     | Hit by a large rock thrown by a cyclops

Skill      XL: |  1  2  3  4  5  6  7  8  9 10 |
---------------+-------------------------------+-----
Spellcasting   | 5 6 7 |  7.1
Invocations    | 1 2 3 4 5 |  5.4
Short Blades   | 1 2 3 4 |  4.9
Long Blades    | 1 2 3 4 |  4.9
Axes           | 1 2 3 4 |  4.9
Maces & Flails | 1 2 3 4 |  4.9
Polearms       | 1 2 3 4 |  4.9
Staves         | 1 2 3 4 |  4.9
Slings         | 1 2 3 4 |  4.9
Bows           | 1 2 3 4 |  4.9
Crossbows      | 1 2 3 4 |  4.9
Throwing       | 1 2 3 4 |  4.9
Armour         | 1 2 3 4 |  4.9
Stealth        | 1 2 3 4 |  4.9
Shields        | 1 2 3 4 |  4.9
Evocations     | 1 2 3 4 |  4.9
Conjurations   | 1 2 3 4 |  4.1
Hexes          | 1 2 3 4 |  4.1
Charms         | 1 2 3 4 |  4.1
Summonings     | 1 2 3 4 |  4.1
Necromancy     | 1 2 3 4 |  4.1
Translocations | 1 2 3 4 |  4.1
Fire Magic     | 1 2 3 4 |  4.1
Ice Magic      | 1 2 3 4 |  4.1
Air Magic      | 1 2 3 4 |  4.1
Earth Magic    | 1 2 3 4 |  4.1
Poison Magic   | 1 2 3 4 |  4.1
Fighting       | 3 4 5 |  5.6
Transmutations | 4 5 |  5.6
Dodging        | 5 6 |  6.8
Unarmed Combat | 7 8 |  8.3

Action                   |  1- 3 |  4- 6 |  7- 9 | 10-12 || total
-------------------------+-------+-------+-------+-------++-------
Melee: Unarmed           |    18 |    38 |   145 |    20 ||   221
       Kick              |     4 |       |       |       ||     4
       Headbutt          |     1 |       |       |       ||     1
       Punch             |     2 |       |     1 |       ||     3
       Bite              |       |     2 |     3 |     3 ||     8
       Broad axe         |       |       |     1 |       ||     1
 Cast: Beastly Appendage |     5 |       |       |       ||     5
       Sticks to Snakes  |     2 |     3 |    13 |     2 ||    20
       Spider Form       |     1 |     4 |       |       ||     5
       Ice Form          |       |     2 |    16 |     1 ||    19
       Blade Hands       |       |       |     3 |     1 ||     4
 Abil: End Transformatio |       |       |     2 |       ||     2
Evoke: Wand              |       |       |     3 |       ||     3
  Use: Scroll            |       |       |    14 |       ||    14
       Potion            |       |       |     2 |     1 ||     3
 Stab: Sleeping          |       |     2 |     3 |       ||     5
  Eat: Chunk             |       |       |     4 |     2 ||     6
       Ration            |       |       |     1 |       ||     1
Armor: Robe              |     1 |       |     3 |     2 ||     6
       Skin              |       |     4 |    14 |     1 ||    19
Dodge: Dodged            |     6 |    14 |    75 |    12 ||   107

Table legend:
 A = Turns spent in this place as a percentage of turns spent in the entire game.
 B = Non-inter-level travel turns spent in this place as a percentage of non-inter-level travel turns spent in the entire game.
 C = Inter-level travel turns spent in this place as a percentage of turns spent in this place.
 D = Turns resting spent in this place as a percentage of non-inter-level travel turns spent in this place.
 E = Turns spent auto-exploring this place as a percentage of non-inter-level travel turns spent in this place.
 F = Non-inter-level travel turns spent in this place divided by the number of levels of this place that you've seen.
                   A       B       C       D       E      F
               +-------+-------+-------+-------+-------+----------------------
         Total | 100.0 | 100.0 |   1.4 |   0.0 |   0.0 | 183.2
       Dungeon |  99.3 |  99.3 |   1.4 |   0.0 |   0.0 | 198.5
        Temple |   0.7 |   0.7 |   0.0 |   0.0 |   0.0 |  15.0
               +-------+-------+-------+-------+-------+----------------------

Table legend:
 A = Kills in this place as a percentage of kills in entire the game.
 B = Kills by you in this place as a percentage of kills by you in the entire game.
 C = Kills by friends in this place as a percentage of kills by friends in the entire game.
 D = Other kills in this place as a percentage of other kills in the entire game.
 E = Experience gained in this place as a percentage of experience gained in the entire game.
 F = Experience gained in this place divided by the number of levels of this place that you have seen.
                   A       B       C       D       E      F
               +-------+-------+-------+-------+-------+----------------------
         Total | 100.0 | 100.0 | 100.0 |   N/A | 100.0 | 454.7
       Dungeon | 100.0 | 100.0 | 100.0 |   N/A | 100.0 | 496.0
               +-------+-------+-------+-------+-------+----------------------

Vault maps used:
D:1:      ncdulo_watergridlock
D:4:      temple_green, first_ration
D:5:      xom_confusion_cloud, saegor_snake_ambush
D:8:      serial_shops, nicolae_shop_statue_plus
D:10:     lair_entry_dummy, orc_0_dummy, minmay_misc_feat_doors
Temple:   minmay_crystal_snake_temple
